 Dungeon Crawl Stone Soup version 0.30-a0-159-g068b764562 (webtiles) character file.

Game seed: 10346804367059500255

970 KennySheep the Skirmisher (level 8, -4/47 HPs)
             Began as a Tengu Hunter on Sept 28, 2022.
             Was a Follower of Dithmenos.
             Slain by Duvessa
             ... wielding a +1 short sword of protection
              (7 damage)
             ... on level 5 of the Dungeon.
             The game lasted 00:16:10 (5477 turns).

KennySheep the Skirmisher (Tengu Hunter)            Turns: 5477, Time: 00:16:10

Health: -4/47      AC:  3    Str: 11    XL:     8   Next: 16%
Magic:  9/9        EV: 20    Int: 10    God:    Dithmenos [*.....]
Gold:   276        SH:  0    Dex: 20    Spells: 7/7 levels left

rFire   . . .      SeeInvis .    a - +0 shortbow
rCold   . . .      Faith    .    (shield currently unavailable)
rNeg    . . .      Spirit   .    c - +0 leather armour
rPois   .          Reflect  .    n - +0 hat
rElec   .          Harm     .    (no cloak)
rCorr   .          Rampage  .    (no gloves)
Will    .....                    (boots unavailable)
Stlth   +++.......               (no amulet)
HPRegen 0.15/turn                f - +4 ring of evasion
MPRegen 0.11/turn                (no ring)

@: flying quickly and evasively, wreathed by umbra, quick
A: beak, talons 3, nimble flight
a: Renounce Religion


You were on level 5 of the Dungeon.
You worshipped Dithmenos.
Dithmenos was aware of your devotion.
You visited 1 branch of the dungeon, and saw 5 of its levels.

You collected 276 gold pieces.

Inventory:

Hand Weapons
 a - a +0 shortbow (weapon)
Armour
 c - a +0 leather armour (worn)
 n - a +0 hat (worn)
Jewellery
 f - a +4 ring of evasion (left hand)
Wands
 v - a wand of mindburst (11)
 w - a wand of roots (12)
Scrolls
 b - 2 scrolls of immolation
 d - 5 scrolls of identify
 g - 3 scrolls of teleportation {unknown}
 j - a scroll of enchant weapon {unknown}
 o - a scroll of poison {unknown}
 p - a scroll of acquirement {unknown}
 q - a scroll of vulnerability {unknown}
 u - a scroll of noise {unknown}
 x - a scroll of amnesia {unknown}
Potions
 e - a potion of magic
 h - 2 potions of berserk rage {unknown}
 i - 3 potions of curing
 l - a potion of resistance {unknown}
 m - a potion of lignification {unknown}
 r - a potion of ambrosia {unknown}
 s - 2 potions of brilliance {unknown}
 t - a potion of mutation {unknown}


   Skills:
 + Level 3.6 Fighting
 * Level 9.3 Ranged Weapons
 + Level 3.9 Dodging
 + Level 3.3 Stealth


You had 7 spell levels left.
You didn't know any spells.
Your spell library contained the following spells:

 Spells                   Type           Power      Damage    Failure   Level
 Freeze                   Ice            0%         1d3       45%         1
 Magic Dart               Conj           0%         1d3       45%         1
 Shock                    Conj/Air       0%         1d3       45%         1
 Frozen Ramparts          Ice            0%         1d1       83%         3
 Hailstorm                Conj/Ice       0%         3d3       83%         3
 Swiftness                Air            0%         N/A       83%         3
 Airstrike                Air            0%         2d(0-16)  99%         4


Dungeon Overview and Level Annotations

Branches:
Dungeon (5/15)             Temple (0/1) D:4

Altars:
Dithmenos
Kikubaaqudgha
Okawaru
Sif Muna
Trog
Vehumet
Yredelemnul
Zin
The Shining One

Annotations:
D:5 Dowan, Duvessa, Pikel


Innate Abilities, Weirdness & Mutations

You have a beak for a mouth.
You have claws for feet.
Your magical nature lets you fly swiftly and evasively.


Message History

You shoot an arrow. The arrow closely misses Duvessa.
The arrow hits Dowan.
Dowan is severely wounded.
Duvessa hits you with a +1 short sword of protection!
Dowan drinks a potion.
Dowan is healed!
Duvessa hits you but does no damage. Duvessa attacks as you move away!
Duvessa completely misses you.
Duvessa hits you with a +1 short sword of protection.
* * * LOW HITPOINT WARNING * * *
You feel much better.
Duvessa hits you with a +1 short sword of protection!
Duvessa closely misses you.
You shoot an arrow. The arrow barely misses Duvessa.
The arrow hits Dowan.
Dowan is moderately wounded.
Duvessa says, "When magic and the sword combine, nothing stands against them."
Duvessa barely misses you.
You shoot an arrow. The arrow hits Duvessa.
Duvessa is moderately wounded.
Duvessa misses you. Duvessa completely misses you.
You shoot an arrow. The arrow hits Duvessa.
Duvessa is moderately wounded.
Duvessa barely misses you. Duvessa closely misses you.
You shoot an arrow.
The arrow hits Duvessa but does no damage.
Duvessa is moderately wounded.
Duvessa hits you with a +1 short sword of protection.
You shoot an arrow. The arrow hits Duvessa.
Duvessa is moderately wounded.
Duvessa hits you with a +1 short sword of protection!!
* * * LOW HITPOINT WARNING * * *
Duvessa barely misses you.
Dowan says, "My weaknesses are her strengths!"
You shoot an arrow. The arrow hits Duvessa.
Duvessa is heavily wounded.
Duvessa hits you with a +1 short sword of protection!
* * * LOW HITPOINT WARNING * * *
You shoot an arrow. The arrow hits Duvessa.
Duvessa is heavily wounded.
Duvessa misses you.
Duvessa hits you with a +1 short sword of protection!
You die...

#.### #...# ###.#
#.# ###.# #...#
##### #e###
##...## #e#
######.....# #@#
...........# #.#
#.#.##.....# #.#
#|#.###...######.#
..#.# ##.........#
###.# ###########
###.# ....# #####


You could see Duvessa (fast, strong) and Dowan.

Vanquished Creatures
  Eustachio (D:5)
  A centaur (D:5)
  2 ogres (D:5)
  2 lemures (D:5)
  Blork the orc (D:4)
  A crimson imp (D:4)
  A hound (D:4)
  2 orc priests (D:4)
  2 iguanas (D:4)
  6 orc wizards
  4 gnolls
  2 adders (D:2)
  2 worms
  3 dart slugs
  8 orcs
  6 bats
  7 endoplasms
  5 giant cockroaches
  9 goblins
  5 hobgoblins
  5 jackals
  6 quokkas
  7 ball pythons
  5 frilled lizards
  A goblin skeleton (D:4)
  2 goblin zombies (D:4)
  5 hobgoblin zombies (D:4)
  9 kobolds
  A kobold skeleton (D:4)
  A kobold zombie (D:4)
  2 orc skeletons (D:4)
  9 rats
123 creatures vanquished.

Notes
Turn   | Place    | Note
-------+----------+-------------------------------------------
     0 | D:1      | KennySheep the Tengu Hunter began the quest for the Orb.
     0 | D:1      | Reached XP level 1. HP: 12/12 MP: 2/2
   229 | D:1      | Reached XP level 2. HP: 17/17 MP: 3/3
   238 | D:1      | Reached skill level 5 in Ranged Weapons
   340 | D:1      | Reached XP level 3. HP: 21/21 MP: 4/4
   962 | D:2      | Reached skill level 6 in Ranged Weapons
  1065 | D:2      | Reached XP level 4. HP: 26/26 MP: 5/5
  1164 | D:2      | Found a faded altar of an unknown god.
  2391 | D:3      | Found a basalt altar of Yredelemnul.
  2586 | D:3      | Found a shadowy altar of Dithmenos.
  2609 | D:3      | Gained mutation: Your magical nature lets you fly swiftly
                  | and evasively. [Tengu growth]
  2609 | D:3      | Reached XP level 5. HP: 18/30 MP: 6/6
  2738 | D:3      | Became a worshipper of Dithmenos the Shadowed
  2772 | D:3      | Found a bloodstained altar of Trog.
  3009 | D:4      | Reached skill level 7 in Ranged Weapons
  3077 | D:4      | Reached XP level 6. HP: 35/35 MP: 7/7
  3188 | D:4      | Reached skill level 8 in Ranged Weapons
  3336 | D:4      | Reached * piety under Dithmenos
  3673 | D:4      | Found a staircase to the Ecumenical Temple.
  3695 | D:4      | Found a glowing golden altar of the Shining One.
  3773 | D:4      | Noticed Blork the orc
  3784 | D:4      | Killed Blork the orc
  4006 | D:4      | Found a radiant altar of Vehumet.
  4015 | D:4      | Reached XP level 7. HP: 27/40 MP: 8/8
  4165 | D:4      | Got Vehumet's Lectures on Conjuration
  4172 | D:4      | Found an ancient bone altar of Kikubaaqudgha.
  4279 | D:4      | Found a shimmering blue altar of Sif Muna.
  4409 | D:4      | Found an iron altar of Okawaru.
  4515 | D:5      | Entered Level 5 of the Dungeon
  4569 | D:5      | Found a glowing silver altar of Zin.
  4677 | D:5      | Noticed Pikel
  4816 | D:5      | Reached skill level 9 in Ranged Weapons
  5249 | D:5      | Noticed Duvessa
  5249 | D:5      | Noticed Dowan
  5275 | D:5      | Noticed Eustachio
  5306 | D:5      | Killed Eustachio
  5307 | D:5      | Reached XP level 8. HP: 31/47 MP: 9/9
  5477 | D:5      | Slain by Duvessa

Illustrated notes

Levels and vault maps discovered:
D:1:      lightli_arrival_boilingwater, layout_basic, minmay_heptomino_w4
D:2:      layout_basic, shapermc_ecumenical_altar_mp_vishouse, moated_statue,
          chequers_serial_rivers_small_a
D:3:      layout_basic, yredelemnul_altar_generic, trog_three_pillars_becter,
          mainiacjoe_overflow_surrounded_room, st_stairs_6,
          minmay_misc_feat_roman, moated_statue
D:4:      layout_basic, palyth_temple_overflow_mages,
          kennysheep_okawaru_gauntlet, nicolae_tso_besieged_by_evil,
          minmay_temple_entry_from_below_b, uniq_blork_the_orc
D:5:      layout_loops_cross, nicolae_overflow_crystal_walls,
          lightli_temple_of_fire, uniq_eustachio, uniq_pikel, uniq_duvessa

Skill      XL: |  1  2  3  4  5  6  7 |
---------------+----------------------+-----
Ranged Weapons | 5 6 7 8 9 |  9.3
Stealth        | 3 |  3.3
Dodging        | 3 |  3.9
Fighting       | 3 |  3.6

Action                   |  1- 3 |  4- 6 |  7- 9 || total
-------------------------+-------+-------+-------++-------
 Fire: Shortbow          |    75 |   210 |   132 ||   417
  Use: Scroll            |     1 |       |       ||     1
       Potion            |       |     1 |     1 ||     2
Armor: Leather armour    |     4 |     9 |    17 ||    30
Dodge: Dodged            |    17 |    69 |   119 ||   205

Table legend: (Time is in decaauts)
 A = Elapsed time spent in this place.
 B = Non-inter-level travel time spent in this place.
 C = Inter-level travel time spent in this place.
 D = Time resting spent in this place.
 E = Time spent auto-exploring this place.
 F = Levels seen in this place.
 G = Mean time per level.
                   A        B        C        D        E       F      G
               +--------+--------+--------+--------+--------+-----+--------+
         Total |   5427 |   5157 |    270 |   1642 |   2653 |   5 | 1085.4 |
       Dungeon |   5427 |   5157 |    270 |   1642 |   2653 |   5 | 1085.4 |
               +--------+--------+--------+--------+--------+-----+--------+

Top non-repeatable levels by time:
     D:4: 1643 daAuts
     D:2: 1239 daAuts
     D:3: 1028 daAuts
     D:1: 955 daAuts
     D:5: 561 daAuts
